 Dungeon Crawl Stone Soup version 0.26.1-12-g5ba1501909 (webtiles) character file.

Game seed: 5110733536670242636

56 CoveEight the Magician (level 3, -2/19 HPs)
             Began as a Deep Elf Fire Elementalist on Dec 11, 2021.
             Slain by a goblin
             ... wielding a cursed -1 club
              (6 damage)
             ... on level 3 of the Dungeon.
             The game lasted 00:01:29 (1927 turns).

CoveEight the Magician (Deep Elf Fire Elementalist) Turns: 1927, Time: 00:01:30

Health: -2/19      AC:  2    Str:  5    XL:     3   Next: 71%
Magic:  5/10       EV: 13    Int: 20    God:
Gold:   112        SH:  0    Dex: 15    Spells: 3/10 levels left

rFire    . . .     SeeInvis .   (no weapon)
rCold    . . .     Faith    .   (no shield)
rNeg     . . .     Spirit   .   a - +0 robe
rPois    .         Reflect  .   (no helmet)
rElec    .         Harm     .   (no cloak)
rCorr    .         Rampage  .   (no gloves)
Will     .....                  (no boots)
Stlth    ++........             (no amulet)
HPRegen  0.06/turn              (no ring)
MPRegen  0.12/turn              (no ring)

@: very slightly contaminated
A: no striking features
a: no special abilities


You were on level 3 of the Dungeon.
You visited 1 branch of the dungeon, and saw 3 of its levels.

You collected 112 gold pieces.

Inventory:

Armour
 a - a +0 robe (worn)
Jewellery
 m - a +4 ring of slaying {unknown}
Wands
 n - a wand of disintegration (14)
Scrolls
 d - a scroll of identify {unknown}
 f - 2 scrolls of amnesia {unknown}
 g - a scroll of teleportation {unknown}
 h - a scroll of magic mapping {unknown}
 i - a scroll of enchant armour {unknown}
Potions
 b - a potion of lignification {unknown}
 c - a potion of ambrosia {unknown}
 e - 2 potions of degeneration {unknown}
 j - a potion of attraction {unknown}
 k - a potion of heal wounds {unknown}
 l - a potion of flight {unknown}


   Skills:
 + Level 3.0 Dodging
 - Level 2.4 Stealth
 * Level 4.1 Spellcasting
 + Level 1.9 Conjurations
 * Level 4.0 Fire Magic


You had 3 spell levels left.
You knew the following spells:

 Your Spells              Type           Power        Failure   Level
a - Foxfire               Conj/Fire      64%          3%          1
b - Conjure Flame         Conj/Fire      16%          11%         3
c - Inner Flame           Hex/Fire       12%          17%         3

Your spell library contained the following spells:

 Spells                   Type           Power        Failure   Level
 Sticky Flame             Conj/Fire      16%          36%         4
 Fireball                 Conj/Fire      8%           71%         5


Dungeon Overview and Level Annotations

Branches:
Dungeon (3/15)

Altars:


Message History

Casting: Foxfire (safe; 3% risk of failure)
Confirm with . or Enter, or press ? or * to list all spells.
You conjure some foxfire!
The quokka twitches its whiskers.
The quokka misses you. The quokka closely misses you.
The foxfire hits the quokka.
The quokka is severely wounded.
The foxfire hits the quokka.
You kill the quokka!
Casting: Foxfire (safe; 3% risk of failure)
Confirm with . or Enter, or press ? or * to list all spells.
You miscast Foxfire.
You are very lightly contaminated with residual magic.
Nothing appears to happen.
Casting: Foxfire (safe; 3% risk of failure)
Confirm with . or Enter, or press ? or * to list all spells.
You conjure some foxfire!
The goblin hits you with a cursed -1 club.
You die...

.# ##### .#
...# .##
#####.##..#
#......†#
#.###.#.#
#<#.#.#
#v#g#.#
#v@.#.#
#.###.# ###
#.# ..#


You could see a goblin.

Vanquished Creatures
  An adder (D:2)
  An ooze (D:1)
  A worm (D:2)
  2 dart slugs
  A leopard gecko (D:1)
  3 giant cockroaches (D:1)
  A goblin (D:1)
  7 hobgoblins
  3 jackals (D:1)
  A quokka (D:3)
  2 bats
  3 kobolds (D:1)
  6 rats
32 creatures vanquished.

Vanquished Creatures (others)
  181 foxfires
181 creatures vanquished.

Grand Total: 213 creatures vanquished

Notes
Turn   | Place    | Note
-------+----------+-------------------------------------------
     0 | D:1      | CoveEight the Deep Elf Fire Elementalist began the quest
                  | for the Orb.
     0 | D:1      | Reached XP level 1. HP: 10/10 MP: 6/6
   157 | D:1      | Reached XP level 2. HP: 15/15 MP: 2/8
  1154 | D:1      | Reached XP level 3. HP: 17/19 MP: 7/10
  1158 | D:1      | Learned a level 3 spell: Conjure Flame
  1170 | D:1      | Learned a level 3 spell: Inner Flame
  1927 | D:3      | Slain by a goblin

Illustrated notes

Levels and vault maps discovered:
D:1:      eino_arrival_cavern_a, layout_basic
D:2:      layout_basic, minmay_tree_intersection, grunt_gozag_breadcrumbs
D:3:      layout_basic, minmay_crystal_room, cheibrodos_gnoll_hut, uniq_natasha,
          uniq_robin, uniq_terence

Skill      XL: |  1  2  3 |
---------------+----------+-----
Spellcasting   | 4 |  4.1
Dodging        | 3 |  3.0
Fire Magic     | 4 |  4.0
Stealth        | |  2.4
Conjurations   | |  1.9

Action                   || total
-------------------------++-------
 Cast: Foxfire           ||   106
Armor: Robe              ||     2
Dodge: Dodged            ||    16
